 Dungeon Crawl Stone Soup version 0.25-a0-164-gb55e97dba5 (webtiles) character file.

Game seed: 15539741713542313514, levelgen mode: deterministic

217 Leeroy the Conjurer (level 5, -2/38 HPs)
             Began as a Draconian Conjurer on Nov 22, 2019.
             Was an Initiate of Okawaru.
             Killed by divine providence
             ... invoked by an orc priest
              (14 damage)
             ... in the Ecumenical Temple.
             The game lasted 00:05:34 (3555 turns).

Leeroy the Conjurer (Draconian Conjurer)            Turns: 3555, Time: 00:05:34

Health: -2/38      AC:  5    Str: 10    XL:     5   Next: 62%
Magic:  11/11      EV: 13    Int: 15    God:    Okawaru [......]
Gold:   109        SH:  0    Dex: 13    Spells: 2/12 levels left

rFire    . . .     SeeInvis .   n - +4 whip
rCold    . . .     Gourm    .   (no shield)
rNeg     . . .     Faith    .   (armour unavailable)
rPois    .         Spirit   .   (helmet restricted)
rElec    .         Reflect  .   (no cloak)
rCorr    .         Harm     .   (no gloves)
MR       .....                  (no boots)
Stlth    ++........             (no amulet)
HPRegen  0.12/turn              (no ring)
MPRegen  0.12/turn              (no ring)

@: starving
A: unfitting armour, cold-blooded, AC +5
a: Renounce Religion


You were in the Ecumenical Temple.
You worshipped Okawaru.
Okawaru was noncommittal.
You were starving.

You visited 2 branches of the dungeon, and saw 5 of its levels.

You collected 109 gold pieces.

Inventory:

Hand Weapons
 c - a +0 dagger
 d - a +0 spear
 j - a +0 short sword
 n - a +4 whip (weapon)
 s - a +1 dagger of venom
Scrolls
 e - 2 scrolls of remove curse {unknown}
 f - a scroll of immolation {unknown}
 g - a scroll of blinking {unknown}
 h - a scroll of enchant weapon {unknown}
 l - 3 scrolls of identify {unknown}
 m - 2 scrolls of fog {unknown}
 q - 2 scrolls of magic mapping {unknown}
Potions
 a - a potion of magic {unknown}
 i - a potion of lignification {unknown}
 k - a potion of heal wounds {unknown}
 o - 3 potions of agility {unknown}
 p - 2 potions of might {unknown}
Comestibles
 b - 6 rations


   Skills:
 - Level 3.0 Dodging
 - Level 1.7 Stealth
 - Level 4.1 Spellcasting
 + Level 4.8 Conjurations


You had 2 spell levels left.
You knew the following spells:

 Your Spells              Type           Power        Failure   Level  Hunger
a - Magic Dart            Conj           ###.         2%          1    None
b - Searing Ray           Conj           ###...       3%          2    ##.....
c - Iskenderun's Mystic   Conj           ###.....     24%         4    ####...
d - Dazzling Spray        Conj/Hex       ##....       21%         3    ###....

Your spell library contained the following spells:

 Spells                   Type           Power        Failure   Level  Hunger
 Force Lance              Conj/Tloc      ##......     54%         4    ####...
 Fulminant Prism          Conj/Hex       ##........   54%         4    ####...


Dungeon Overview and Level Annotations

Branches:
Dungeon (4/15)             Temple (1/1) D:4

Altars:
Ashenzari
Fedhas
Gozag
Okawaru
Sif Muna
Xom

Annotations:
D:3 2 runed translucent doors, krystol's ghost, weakling DrWz


Innate Abilities, Weirdness & Mutations

Your plain brown scales are hard. (AC +5)
You cannot fit into any form of body armour.
You are cold-blooded and may be slowed by cold attacks.


Message History

You hit the orc.
You kill the orc!
Okawaru accepts your kill.
The orc priest looks encouraged for a moment.
The orc priest looks satisfied for a moment.
Things that are here:
a +0 hand axe; a +0 leather armour; an orc corpse You butcher the orc corpse.
The orc priest invokes the aid of Beogh against you.
Beogh smites you!
There is a staircase to the Ecumenical Temple here.
The orc priest mumbles some strange prayers to Beogh against you.
Beogh smites you!
* * * LOW HITPOINT WARNING * * *
You climb downwards.
Welcome back to the Ecumenical Temple!
There is a staircase back to the Dungeon here.
Unknown command.
The orc priest calls down the wrath of Beogh upon you.
Beogh smites you!
You die...

.._........##
............##
#...._.......##
#...........#
#..........##
#.._.......#
#........o.#
#........<)#
#.......@..#
#.._.......#
#..........##
#...........#
...._.......##
...........##
......# ....##


You could see an orc priest.

Vanquished Creatures
  A crimson imp (D:3)
  A hound (D:4)
  A centaur skeleton (D:4)
  5 adders
  2 oozes
  A worm (D:3)
  A dart slug (D:1)
  A leopard gecko (D:4)
  2 orcs
  3 giant cockroaches
  4 hobgoblins
  11 jackals
  9 bats
  7 frilled lizards
  5 goblins
  6 kobolds
  9 rats
69 creatures vanquished.

Notes
Turn   | Place    | Note
-------+----------+-------------------------------------------
     0 | D:1      | Leeroy the Draconian Conjurer began the quest for the Orb.
     0 | D:1      | Reached XP level 1. HP: 14/14 MP: 3/3
   568 | D:1      | Reached XP level 2. HP: 20/20 MP: 5/5
  1001 | D:1      | Learned a level 2 spell: Searing Ray
  1154 | D:1      | Reached XP level 3. HP: 16/26 MP: 6/6
  2092 | D:2      | Reached XP level 4. HP: 33/33 MP: 8/8
  2497 | D:3      | Found an opulent altar of Gozag.
  2627 | D:3      | Reached XP level 5. HP: 34/38 MP: 11/11
  2641 | D:3      | Learned a level 4 spell: Iskenderun's Mystic Blast
  2652 | D:3      | Learned a level 3 spell: Dazzling Spray
  2800 | D:3      | Found a large runed translucent door.
  2801 | D:3      | Found a large runed translucent door.
  2802 | D:3      | Noticed krystol's ghost (weakling DrWz)
  3071 | D:4      | Found a staircase to the Ecumenical Temple.
  3091 | D:4      | Identified the +6 spear of Tume {flame, +Inv +Fly Int+6}
  3094 | Temple   | Entered the Ecumenical Temple
  3102 | Temple   | Became a worshipper of Warmaster Okawaru
  3555 | Temple   | Killed from afar by an orc priest

Levels and vault maps discovered:
D:1:      matt_arrival_los_fun, layout_basic
D:2:      layout_basic, first_ration
D:3:      layout_loops_ring, ebering_ghost_disaster_area,
          chequers_decorated_corner, grunt_gozag_breadcrumbs
D:4:      layout_gridville, kennysheep_mini_moat,
          minmay_temple_entry_butterflies, enter_ossuary_4
Temple:   compressed_dpeg_circular_temple

Skill      XL: |  1  2  3  4 |
---------------+-------------+-----
Dodging        | 2 3 |  3.0
Spellcasting   | 3 4 |  4.1
Stealth        | |  1.7
Conjurations   | |  4.8

Action                   |  1- 3 |  4- 6 || total
-------------------------+-------+-------++-------
Melee: Unarmed           |    20 |       ||    20
       Spear             |    92 |       ||    92
       Dagger            |     4 |       ||     4
       Tailslap          |     4 |     2 ||     6
       Short sword       |    25 |       ||    25
       Whip              |     6 |    84 ||    90
 Cast: Magic Dart        |    12 |       ||    12
       Searing Ray       |     1 |     1 ||     2
       Dazzling Spray    |       |     1 ||     1
  Use: Potion            |     1 |       ||     1
 Stab: Sleeping          |     6 |     2 ||     8
  Eat: Chunk             |     4 |     3 ||     7
Armor: Skin              |    57 |    29 ||    86
Dodge: Dodged            |   107 |    57 ||   164

Table legend:
 A = Non-vault XP
 B = Vault XP
 C = Vault XP percentage of total XP
 D = Non-vault monster count
 E = Vault monster count
 F = Vault count percentage of total count
                 A         B        C        D         E       F
            +---------+---------+-------+---------+---------+-------
      Total |     311 |       0 |   0.0 |      69 |       0 |   0.0
            +---------+---------+-------+---------+---------+-------
        D:1 |      64 |       0 |   0.0 |      29 |       0 |   0.0
        D:2 |      46 |       0 |   0.0 |      16 |       0 |   0.0
        D:3 |     113 |       0 |   0.0 |      19 |       0 |   0.0
        D:4 |      85 |       0 |   0.0 |       4 |       0 |   0.0
     Temple |       3 |       0 |   0.0 |       1 |       0 |   0.0
            +---------+---------+-------+---------+---------+-------
